 Dungeon Crawl Stone Soup version 0.24.0-123-gd5b16e6ec5 (webtiles) character file.

Game seed: 16481203534806871979, levelgen mode: deterministic

27052 Elellon the Basher (level 13, -6/121 HPs)
             Began as a Deep Dwarf Fighter on Jan 6, 2020.
             Was a High Priest of Makhleb.
             Mangled by a vampire knight
             ... wielding a +1 long sword of freezing
              (21 damage)
             ... on level 13 of the Dungeon.
             The game lasted 00:37:15 (11738 turns).

Elellon the Basher (Deep Dwarf Fighter)            Turns: 11738, Time: 00:37:15

Health: -6/121     AC: 24    Str: 21    XL:     13   Next: 2%
Magic:  8/8        EV: 22    Int:  9    God:    Makhleb [*****.]
Gold:   1188       SH: 12    Dex: 12    Spells: 12/12 levels left

rFire    x . .     SeeInvis .   w - +5 flail (drain)
rCold    + . .     Gourm    .   c - +0 shield
rNeg     . . .     Faith    .   B - +6 chain mail of the Land of Plenty {+Blink rElec Str-4 Slay+5}
rPois    .         Spirit   .   y - +0 helmet
rElec    +         Reflect  .   C - +2 cloak of Duck's Teeth {MR+}
rCorr    .         Harm     .   (no gloves)
MR       +++..                  j - +0 pair of boots
Stlth    ..........             W - amulet of the acrobat
HPRegen  0.00/turn              l - ring of protection from magic
MPRegen  0.11/turn              R - ring of ice

@: acrobat, non-regenerating
A: damage resistance, heal wounds, sense surroundings 2, no regeneration
a: Heal Wounds, Minor Destruction, Lesser Servant of Makhleb, Major Destruction,
Greater Servant of Makhleb, Renounce Religion, Evoke Blink


You were on level 13 of the Dungeon.
You worshipped Makhleb.
Makhleb was extremely pleased with you.
You were not hungry.

You visited 1 branch of the dungeon, and saw 14 of its levels.

You collected 1267 gold pieces.
You spent 79 gold pieces at shops.

Inventory:

Hand Weapons
 w - a +5 flail of draining (weapon)
Armour
 c - a +0 shield (worn)
 j - a +0 pair of boots (worn)
 y - a +0 helmet (worn)
 B - the +6 chain mail of the Land of Plenty (worn) {+Blink rElec Str-4 Slay+5}
   (You found it on level 6 of the Dungeon)

   It affects your strength (-4).
   It affects your accuracy and damage with ranged weapons and melee attacks
   (+5).
   It insulates you from electricity.
   It lets you blink.
 C - the +2 cloak of Duck's Teeth (worn) {MR+}
   (You found it on level 8 of the Dungeon)

   It affects your resistance to hostile enchantments.
Jewellery
 a - an uncursed ring of stealth
 l - a ring of protection from magic (left hand)
 R - a ring of ice (right hand)
 S - an uncursed ring of protection from cold
 W - an amulet of the acrobat (around neck)
 Z - an uncursed ring of poison resistance
Wands
 F - a wand of polymorph (3)
 H - a wand of acid (11)
 N - a wand of paralysis (9)
 P - a wand of iceblast (9)
 T - a wand of random effects (20)
Scrolls
 g - 2 scrolls of identify
 h - 2 scrolls of blinking
 k - 8 scrolls of remove curse
 o - 12 scrolls of teleportation
 q - 2 scrolls of magic mapping {unknown}
 r - 5 scrolls of fog
 u - 3 scrolls of fear {unknown}
 v - 3 scrolls of immolation {unknown}
 D - 3 scrolls of amnesia
 E - a scroll of noise {unknown}
 G - 2 scrolls of vulnerability {unknown}
 I - a scroll of enchant weapon {unknown}
 J - a scroll of acquirement {unknown}
 O - a scroll of random uselessness {unknown}
 X - a scroll of summoning {unknown}
 Y - 2 scrolls of enchant armour {unknown}
Potions
 b - 4 potions of agility
 d - a potion of might
 e - 4 potions of brilliance
 n - 4 potions of magic
 p - 4 potions of heal wounds
 s - a potion of flight
 z - 5 potions of curing
 A - 3 potions of resistance
 K - a potion of invisibility
 L - a potion of lignification
 M - a potion of mutation
 U - a potion of cancellation {unknown}
 V - 3 potions of ambrosia {unknown}
Miscellaneous
 Q - a phial of floods
Comestibles
 f - 24 rations
 i - a chunk of flesh


   Skills:
 + Level 9.5 Fighting
   Level 8.8(12.4) Axes
 - Level 12.9(13.7) Maces & Flails
 + Level 10.4 Armour
 - Level 1.0 Dodging
 - Level 1.0 Stealth
 + Level 10.5 Shields


You had 12 spell levels left.
You didn't know any spells.
Your spell library contained the following spells:

 Spells                   Type           Power        Failure   Level  Hunger
 Animate Skeleton         Necr           N/A          99%         1    ##.....
 Pain                     Necr           #...         99%         1    ##.....
 Summon Small Mammal      Summ           #...         99%         1    ##.....
 Call Imp                 Summ           #.......     100%        2    ###....
 Call Canine Familiar     Summ           #.......     100%        3    ####...
 Summon Guardian Golem    Hex/Summ       #.......     100%        3    ####...
 Vampiric Draining        Necr           #.........   100%        3    ####...
 Animate Dead             Necr           N/A          100%        4    #####..
 Summon Ice Beast         Ice/Summ       #.......     100%        4    #####..
 Summon Lightning Spire   Summ/Air       #.......     100%        4    #####..
 Regeneration             Chrm/Necr      Unusable     N/A         3    N/A

Dungeon Overview and Level Annotations

Branches:
Dungeon (14/15)            Temple (0/1) D:7            Lair (0/6) D:8
    Orc (0/2) D:12         Vaults (0/5) D:13

Altars:
Ashenzari
Dithmenos
Elyvilon
Fedhas
Gozag
Kikubaaqudgha
Makhleb
Sif Muna
Trog
Wu Jian
Xom
Yredelemnul
Zin
Jiyva

Shops:
D:8 !=*   D:9 (

Annotations:
D:2 1 runed translucent door, Crazy Yiuf


Innate Abilities, Weirdness & Mutations

You are resistant to damage.
You can heal yourself by infusing magical energy.
You passively map the area around you.
You do not regenerate.


Message History

There is a stone staircase leading up here.
You block the vampire knight's attack. The vampire knight barely misses you.
The vampire knight mumbles some strange words.
The vampire knight flickers and vanishes!
Deactivating autopickup; reactivate with Ctrl-A.
You climb upwards.
Reactivating autopickup.
There is a stone staircase leading down here.
Done exploring.
Saving game... please wait.
Welcome back, Elellon the Deep Dwarf Fighter.
Blood and souls for Makhleb!
Press ? for a list of commands and other information.
Deactivating autopickup; reactivate with Ctrl-A.
You hit something. Something hits you!
* * * LOW HITPOINT WARNING * * *
Something freezes you. Something completely misses you.
Unknown command.
Something hits you!!
You die...

####..####.##.##.####..####...#
#.##.##....###.#.##..# #....
##.#####.#### ##.###..# #....
#.## #.## ###.## #..# #.>>. ###
#.# #..## #..# #...# ### ####
##..# #...# #...# #...#
########...# #...# #.@........#
#...# ########.>(.......# #....
#.................# #....
#.................# #....
#.####...########.# #.... #.#
#...# ###.####.... #.# #...#
#.....##.... #.# #...#
#.....##.... #.# #...#
#.._..##....


There were no monsters in sight!

Vanquished Creatures
  A tentacled monstrosity (D:13)
  2 very ugly things (D:13)
  A vault guard (D:13)
  A rakshasa (D:13)
  Fannar (D:11)
  A hydra (D:11)
  A centaur warrior (D:13)
  A two-headed ogre (D:8)
  2 skeletal warriors
  2 manticores
  6 ugly things
  A centaur zombie (D:14)
  Joseph (D:8)
  A centaur skeleton (D:13)
  2 gargoyles
  A komodo dragon (D:14)
  2 demonic crawlers (D:13)
  6 trolls
  2 hornets
  Grinder (D:3)
  5 small abominations (D:13)
  2 slime creatures
  Sigmund (D:4)
  5 hippogriffs
  A wyvern (D:13)
  2 yaks (D:12)
  A fire elemental (D:11)
  Grum (D:11)
  A basilisk (D:13)
  3 hungry ghosts
  A chaos spawn (D:13)
  A vampire mosquito (D:13)
  2 soldier ants (D:8)
  Edmund (D:3)
  Duvessa (D:4)
  5 orc warriors
  3 ice beasts
  4 sky beasts
  4 phantoms
  4 wolves (D:11)
  4 centaurs
  5 ogres
  A big kobold (D:10)
  9 bullfrogs
  A gnoll sergeant (D:7)
  A water moccasin zombie (D:6)
  6 scorpions
  A wyvern skeleton (D:8)
  Dowan (D:4)
  A water moccasin skeleton (D:11)
  14 killer bees
  5 wights (D:6)
  A howler monkey (D:5)
  6 crimson imps
  A bullfrog zombie (D:11)
  16 orc wizards
  5 orc priests
  7 hounds
  3 jellies (D:13)
  5 bullfrog skeletons
  2 iguanas (D:4)
  14 worker ants
  A hound skeleton (D:8)
  A howler monkey zombie (D:5)
  3 worker ant zombies
  11 gnolls
  A howler monkey skeleton (D:9)
  12 adders
  A shadow imp (D:6)
  2 adder skeletons
  3 worms
  3 dart slugs
  7 leopard geckos
  61 orcs
  5 bats
  5 giant cockroaches
  8 goblins
  5 hobgoblins
  12 jackals
  10 kobolds
  10 quokkas
  A ball python (D:2)
  5 frilled lizards
  A quokka skeleton (D:5)
  12 rats
373 creatures vanquished.

Notes
Turn   | Place    | Note
-------+----------+-------------------------------------------
     0 | D:1      | Elellon the Deep Dwarf Fighter began the quest for the Orb.
     0 | D:1      | Reached XP level 1. HP: 20/20 MP: 1/1
   162 | D:1      | Reached XP level 2. HP: 25/27 MP: 2/2
   920 | D:1      | Reached XP level 3. HP: 26/34 MP: 3/3
  1136 | D:2      | Reached XP level 4. HP: 23/42 MP: 4/4
  1360 | D:2      | Found a runed translucent door.
  1361 | D:2      | Noticed Crazy Yiuf
  1408 | D:2      | Found a burning altar of Makhleb.
  1420 | D:2      | Became a worshipper of Makhleb the Destroyer
  1429 | D:2      | Found a blossoming altar of Fedhas.
  1479 | D:2      | Found a shimmering altar of Xom.
  1561 | D:2      | Found a faded altar of an unknown god.
  1785 | D:3      | Noticed Grinder
  1851 | D:3      | Paralysed by Grinder for 3 turns
  1973 | D:3      | Found a shattered altar of Ashenzari.
  2047 | D:3      | Reached XP level 5. HP: 20/49 MP: 4/4
  2188 | D:3      | Killed Grinder
  2188 | D:3      | Reached skill level 5 in Axes
  2188 | D:3      | Reached XP level 6. HP: 32/56 MP: 5/5
  2604 | D:3      | Reached XP level 7. HP: 42/62 MP: 6/6
  2695 | D:4      | Reached * piety under Makhleb
  2702 | D:4      | Reached skill level 5 in Shields
  2737 | D:4      | Noticed Duvessa
  2836 | D:4      | Noticed Dowan
  2844 | D:4      | Killed Dowan
  2854 | D:4      | Killed Duvessa
  2862 | D:4      | Found an ancient bone altar of Kikubaaqudgha.
  2995 | D:4      | Found an ornate altar of the Wu Jian Council.
  3019 | D:4      | Reached skill level 1 in Dodging
  3019 | D:4      | Reached XP level 8. HP: 42/72 MP: 6/6
  3037 | D:4      | Noticed Sigmund
  3037 | D:4      | Noticed Edmund
  3096 | D:3      | Killed Edmund
  3118 | D:4      | Killed Sigmund
  3118 | D:4      | Reached skill level 1 in Maces & Flails
  3173 | D:4      | Reached skill level 5 in Armour
  3273 | D:4      | Found an ornate altar of the Wu Jian Council.
  3351 | D:5      | Entered Level 5 of the Dungeon
  3391 | D:5      | Found a shadowy altar of Dithmenos.
  3641 | D:5      | Reached skill level 2 in Maces & Flails
  3750 | D:5      | Reached skill level 3 in Maces & Flails
  3776 | D:5      | Reached ** piety under Makhleb
  4125 | D:5      | Reached skill level 4 in Maces & Flails
  4652 | D:6      | Gained mutation: You passively map the area around you.
                  | [Deep Dwarf growth]
  4652 | D:6      | Reached XP level 9. HP: 79/79 MP: 7/7
  4660 | D:6      | Reached skill level 5 in Maces & Flails
  4850 | D:6      | Got a bronze chain mail
  4851 | D:6      | Identified the +6 chain mail of the Land of Plenty {+Blink
                  | rElec Str-4 Slay+5} (You found it on level 6 of the
                  | Dungeon)
  5038 | D:7      | Reached skill level 6 in Maces & Flails
  5088 | D:7      | Found a white marble altar of Elyvilon.
  5544 | D:7      | Found a staircase to the Ecumenical Temple.
  5553 | D:7      | Reached skill level 7 in Maces & Flails
  5677 | D:7      | Got a wavering ruby amulet
  5689 | D:7      | Got a steaming ring mail
  5917 | D:7      | Reached *** piety under Makhleb
  6293 | D:8      | Found Huryre's Assorted Antiques.
  6348 | D:8      | Noticed a two-headed ogre
  6359 | D:8      | Killed a two-headed ogre
  6359 | D:8      | Reached skill level 8 in Maces & Flails
  6359 | D:8      | Reached XP level 10. HP: 87/87 MP: 8/8
  6381 | D:8      | Got a warped cloak
  6396 | D:8      | Identified the +2 cloak of Duck's Teeth {MR+} (You found it
                  | on level 8 of the Dungeon)
  6396 | D:8      | Identified the amulet of Suspicion {Faith *Slow MR+ SInv}
                  | (You found it on level 7 of the Dungeon)
  6401 | D:8      | Identified the cursed +1 ring mail of the Suburbs {rC+ rN+
                  | Slay+3} (You found it on level 7 of the Dungeon)
  6460 | D:8      | Found a basalt altar of Yredelemnul.
  6474 | D:8      | Found a bloodstained altar of Trog.
  6477 | D:8      | Found a shimmering blue altar of Sif Muna.
  6480 | D:8      | Found an opulent altar of Gozag.
  6551 | D:8      | Bought a scroll labeled WILONA VURO for 20 gold pieces
  6551 | D:8      | Bought a scroll labeled VUCWUM EGREBB for 20 gold pieces
  6581 | D:8      | Found a glowing silver altar of Zin.
  6604 | D:8      | Found Ruwk's Distillery.
  6612 | D:8      | Reached skill level 9 in Maces & Flails
  6619 | D:8      | Bought a potion of lignification for 39 gold pieces
  6653 | D:8      | Reached skill level 5 in Fighting
  6725 | D:8      | Found Mionab's Jewellery Shop.
  6735 | D:8      | Noticed Joseph
  6745 | D:8      | Killed Joseph
  6750 | D:8      | Found a staircase to the Lair.
  7297 | D:9      | Identified the +1 ring mail of the Planets {Dex+7} (You
                  | found it on level 9 of the Dungeon)
  7556 | D:9      | Reached skill level 10 in Maces & Flails
  7644 | D:9      | Found Fyata's Weapon Shop.
  7883 | D:10     | Entered Level 10 of the Dungeon
  7913 | D:10     | Reached **** piety under Makhleb
  8129 | D:10     | Noticed a gargoyle
  8171 | D:10     | Killed a gargoyle
  8646 | D:11     | Noticed a white ugly thing
  8646 | D:11     | Noticed a red ugly thing
  8656 | D:10     | Killed a red ugly thing
  8669 | D:10     | Killed a white ugly thing
  8669 | D:10     | Reached skill level 11 in Maces & Flails
  8669 | D:10     | Reached XP level 11. HP: 45/97 MP: 8/8
  8706 | D:11     | Noticed a seven-headed hydra
  8879 | D:11     | Killed a seven-headed hydra
  8925 | D:11     | Noticed Grum
  8929 | D:11     | Noticed Fannar
  8944 | D:11     | Killed Grum
  8992 | D:11     | Killed Fannar
  9234 | D:11     | Reached ***** piety under Makhleb
  9296 | D:11     | Reached skill level 12 in Maces & Flails
  9589 | D:12     | Noticed a cyan ugly thing
  9605 | D:12     | Killed a cyan ugly thing
  9624 | D:12     | Found a shimmering blue altar of Sif Muna.
  9752 | D:12     | Noticed a skeletal warrior
  9796 | D:12     | Killed a skeletal warrior
  9806 | D:12     | Reached skill level 1 in Stealth
  9815 | D:12     | Found an opulent altar of Gozag.
 10102 | D:12     | Found a burning altar of Makhleb.
 10160 | D:12     | Identified the +6 glaive "Anewnizxaehu" {venom, rElec}
 10161 | D:12     | Found a staircase to the Orcish Mines.
 10349 | D:13     | Found a viscous altar of Jiyva.
 10411 | D:13     | Reached XP level 12. HP: 98/106 MP: 9/9
 10510 | D:13     | Found a runed translucent door.
 10564 | D:13     | Noticed a rakshasa
 10588 | D:13     | Killed a rakshasa
 10942 | D:13     | Noticed a vault guard
 10943 | D:13     | Noticed a centaur warrior
 10952 | D:13     | Killed a centaur warrior
 10980 | D:13     | Killed a vault guard
 10993 | D:13     | Found a gate to the Vaults.
 11177 | D:13     | Noticed a tentacled monstrosity
 11196 | D:13     | Killed a tentacled monstrosity
 11306 | D:13     | Noticed a brown very ugly thing
 11316 | D:13     | Killed a brown very ugly thing
 11316 | D:13     | Reached skill level 10 in Armour
 11316 | D:13     | Reached skill level 10 in Shields
 11338 | D:13     | Noticed a purple very ugly thing
 11350 | D:13     | Killed a purple very ugly thing
 11584 | D:14     | Reached XP level 13. HP: 121/121 MP: 9/9
 11668 | D:14     | Noticed a vampire knight
 11704 | D:14     | HP: 2/121 [something/vampiric draining (13)]
 11721 | D:14     | HP: 1/121 [vampire knight/+1 long sword of freezing (10)]
 11738 | D:13     | Mangled by a vampire knight

Levels and vault maps discovered:
D:1:      dpeg_arrival_ratfight, layout_loops_corners,
          chequers_serial_rivers_marsh
D:2:      layout_rooms, nicolae_overflow_crystal_walls,
          amethyst_overflow_temple_binary, chequers_ecumenical_altar_island,
          chequers_serial_rivers_micro_e, uniq_crazy_yiuf_cottage
D:3:      layout_basic, overflow_temple_1_default, uniq_grinder
D:4:      layout_rooms, marbit_many_paths, lemuel_crystal_altar,
          lemuel_statue_altar, uniq_edmund, uniq_duvessa, uniq_sigmund
D:5:      layout_layer_cave, kennysheep_little_box, first_ration
D:6:      layout_gridville
D:7:      layout_basic, elyvilon_altar_3, temple_fountains
D:8:      layout_basic, zin_treasury, grunt_temple_overflow_cloverleaf,
          dpeg_oklobed_lair, serial_shops, nicolae_shop_trees,
          nicolae_shop_trees, kennysheep_mini_moat, hangedman_pestilent_swarm,
          uniq_joseph
D:9:      layout_basic, serial_shops, shop
D:10:     layout_loops_ring, dk_vineyard_1
D:11:     layout_long_grid, minmay_misc_feat_hallway, grunt_decor_fettered,
          nicolae_lava_and_water, roderic_nine_men_s_morris, uniq_fannar,
          uniq_grum
D:12:     minmay_polygon_palace, layout_long_grid, orc_0_dummy, basic_altar,
          hangedman_feature_mirror
D:13:     cheibrodos_body_horror, layout_small_grid, david_vaults_5,
          jiyva_altar_1
D:14:     layout_irregular_city, kennysheep_just_a_vault

Skill      XL: |  1  2  3  4  5  6  7  8  9 10 11 12 |
---------------+-------------------------------------+-----
Fighting       | 3 4 5 6 9 |  9.5
Axes           | 3 4 5 6 8 |  8.8
Shields        | 4 5 6 7 8 10 | 10.5
Armour         | 4 5 6 7 8 10 | 10.4
Dodging        | 1 |  1.0
Maces & Flails | 4 8 11 12 | 12.9
Stealth        | 1 |  1.0

Action                   |  1- 3 |  4- 6 |  7- 9 | 10-12 | 13-15 || total
-------------------------+-------+-------+-------+-------+-------++-------
Melee: War axe           |   178 |   176 |    80 |       |       ||   434
       Flail             |       |       |   247 |   760 |    41 ||  1048
 Abil: Heal Wounds       |       |     4 |     2 |     6 |     7 ||    19
  Use: Scroll            |       |       |     5 |    21 |       ||    26
  Eat: Chunk             |     1 |     5 |    12 |    14 |       ||    32
       Ration            |       |       |       |     3 |       ||     3
Armor: Scale mail        |    32 |       |       |       |       ||    32
       Plate armour      |    87 |   132 |   108 |       |       ||   327
       Chain mail        |       |       |    52 |   341 |    28 ||   421
Dodge: Dodged            |    33 |    25 |    69 |   141 |     6 ||   274
Block: Shield            |   106 |   105 |   174 |   318 |    18 ||   721
